 Dungeon Crawl Stone Soup version 0.14-a0-1546-g4b4961f (webtiles) character file.

190 PolkaDot the Grave Robber (level 4, -16/33 HPs)
             Began as a Vampire Necromancer on Dec 19, 2013.
             Demolished by Crazy Yiuf
             ... wielding a +2,+3 quarterstaff of chaos
              (22 damage)
             ... while paralysed by Crazy Yiuf
             ... on Level 2 of the Dungeon.
             The game lasted 00:05:24 (1586 turns).

PolkaDot the Grave Robber (Vampire Necromancer)     Turns: 1586, Time: 00:05:24

HP -16/33        AC  2     Str  7      XL: 4   Next: 55%
MP   5/7         EV  2     Int 18      God:
Gold 84          SH  0     Dex 14      Spells:  2 memorised,  3 levels left

rFire  . . .     SeeInvis +     d - +2,+1 elf short sword
rCold  . . .     Clarity  .     a - +0 robe
rNeg   . . .     Conserve .     (no shield)
rPois  .         rCorr    .     (no helmet)
rElec  .         rRot     .     (no cloak)
SustAb . .       Spirit   .     (no gloves)
rMut   .         Warding  .     (no boots)
Saprov . . .     Stasis   .     (no amulet)
                                (no ring)
                                (no ring)

@: paralysed, regenerating quickly, slightly resistant to hostile enchantments,
stealthy
A: fangs 3, see invisible, unbreathing
a: no special abilities


You were on level 2 of the Dungeon.
You were full.

You visited 1 branch of the dungeon, and saw 2 of its levels.

You collected 84 gold pieces.

Inventory:

Hand weapons
 d - a +2,+1 elven short sword (weapon)
Armour
 a - a +0 robe (worn)
Scrolls
 c - 2 scrolls of remove curse {unknown}
 e - a scroll of enchant weapon I {unknown}
 f - a scroll of blinking {unknown}
 g - 3 scrolls of identify {unknown}
 i - a scroll of curse weapon {unknown}
Potions
 h - a potion of heal wounds {unknown}
 j - a potion of curing {unknown}
Books
 b - a book of Necromancy

   Spells                             Type                      Level
   *Pain                              Necromancy                   1
   Animate Skeleton                   Necromancy                   1
   Lethal Infusion                    Charms/Necromancy            2
   *Vampiric Draining                 Necromancy                   3
   Regeneration                       Charms/Necromancy            3
   Animate Dead                       Necromancy                   4
   Control Undead                     Necromancy                   4


   Skills:
 + Level 1.9 Fighting
 - Level 2.1 Dodging
 - Level 3.0 Stealth
 - Level 2.0 Spellcasting
 * Level 6.0 Necromancy


You had 3 spell levels left.
You knew the following spells:

 Your Spells              Type           Power        Failure   Level  Hunger
a - Pain                  Necr           ###.         1%          1    #......
d - Vampiric Draining     Necr           ###.......   4%          3    ####...


Dungeon Overview and Level Annotations

Branches:
Dungeon (2/16)

Altars:

Annotations:
D:2 Crazy Yiuf


Innate Abilities, Weirdness & Mutations

Your natural rate of healing is unusually fast.
You have razor-sharp teeth.*
You have supernaturally acute eyesight.
You can survive without breathing.*


Message History

Aiming: Pain
Press: ? - help, Shift-Dir - straight line, f/p - Crazy Yiuf
Aim: Crazy Yiuf, wielding a quarterstaff of chaos and wearing a cloak Crazy Yiuf convulses in agony!
Casting: Pain
Confirm with . or Enter, or press ? or * to list all spells.
Okay, then.
You hit Crazy Yiuf.
Crazy Yiuf is heavily wounded.
Crazy Yiuf grits, "Rifle!"
Crazy Yiuf hits you with a quarterstaff of chaos!
You suddenly lose the ability to move!
Crazy Yiuf barely misses you.
Crazy Yiuf hits you with a quarterstaff of chaos!
* * * LOW HITPOINT WARNING * * *
Crazy Yiuf hits you with a quarterstaff of chaos.
* * * LOW HITPOINT WARNING * * *
You are electrocuted!
Ouch! That really hurt!
You die...

.........#
####..##########.....
########## #....#
#..##[ ##P.f# #..##.
#f.)# #### #..##.
##)## #..# #..##.
##)# ##.####..##.
#)## ##.......##.
##)# #.......###.
#@## ######### ## #g#
))) #)))# #).)# #####


You could see Crazy Yiuf.

Vanquished Creatures
  Ijyb (D:2)
  Jessica (D:2)
  2 adders (D:2)
  A worm (D:2)
  2 giant geckos
  An ooze (D:1)
  3 giant cockroaches
  8 goblins
  6 hobgoblins
  3 jackals (D:2)
  A quokka (D:2)
  4 bats
  A giant newt (D:1)
  6 kobolds
  6 rats
  2 fungi (D:2)
48 creatures vanquished.

Notes
Turn   | Place    | Note
--------------------------------------------------------------
     0 | D:1      | PolkaDot, the Vampire Necromancer, began the quest for the Orb.
     0 | D:1      | Reached XP level 1. HP: 13/13 MP: 3/3
   250 | D:1      | Reached XP level 2. HP: 8/19 MP: 2/4
   512 | D:1      | Reached skill level 5 in Necromancy
   579 | D:1      | Reached skill level 1 in Fighting
   819 | D:2      | Reached XP level 3. HP: 17/26 MP: 6/6
   946 | D:2      | Noticed Ijyb
   983 | D:2      | Learned a level 3 spell: Vampiric Draining
  1004 | D:2      | Killed Ijyb
  1175 | D:2      | Reached XP level 4. HP: 16/32 MP: 1/7
  1361 | D:2      | Noticed Jessica
  1365 | D:2      | Killed Jessica
  1370 | D:2      | Reached skill level 6 in Necromancy
  1578 | D:2      | Noticed Crazy Yiuf
  1583 | D:2      | Paralysed by Crazy Yiuf for 4 turns
  1586 | D:2      | Demolished by Crazy Yiuf

Action                   |  1- 3 |  4- 6 || total
-------------------------+-------+-------++-------
Melee: Unarmed           |     8 |       ||     8
       Short sword       |   121 |    51 ||   172
 Cast: Pain              |    11 |     2 ||    13
       Vampiric Draining |     3 |     2 ||     5
  Use: Potion            |     1 |       ||     1
 Stab: Sleeping          |     5 |     3 ||     8
